 Dungeon Crawl Stone Soup version 0.31-a0-851-g7ff8af7976 (webtiles) character file.

Game seed: 2725706903147610959

520487 Flugkiller the Blood Saint (level 24, -33/206 (208) HPs)
             Began as a Demonspawn Gladiator on Oct 7, 2023.
             Was a Believer of Yredelemnul.
             Killed from afar by a black draconian knight (48 damage)
             ... with a bolt of lightning
             ... led by a black draconian knight
             ... on level 1 of the Realm of Zot.
             The game lasted 01:22:52 (40427 turns).

Flugkiller the Blood Saint (Demonspawn Gladiator)  Turns: 40427, Time: 01:22:53

HP:   -33/206 (208) AC: 37    Str: 26    XL:     24   Next: 9%
MP:   40/40         EV: 23    Int: 15    God:    Yredelemnul [**....]
Gold: 3599          SH: 19    Dex: 28    Spells: 23/23 levels left

rFire   + + .        L - +9 double sword (heavy)
rCold   + . .        Z - +2 kite shield {rC+}
rNeg    . . .        A - +8 plate armour of Stained Surprise {rF+}
rPois   .            c - +2 helmet
rElec   .            x - +1 cloak "Xaluten" {Str+4}
rCorr   .            (gloves unavailable)
SInv    .            g - +1 pair of boots of Pyiss {Int+5 Dex+3}
Will    +++..        a - amulet of Yredelemnul's Esteem {rF+ Regen+ Stlth+}
Stlth   ++           E - ring of willpower
HPRegen 1.34/turn    m - ring of willpower
MPRegen 0.27/turn

%: no passive effects
@: agile, studying 2 skills, lightly drained
A: claws 3, thin skeletal structure 3, demonic guardian 2, powered by pain 3,
augmentation 2
}: 3/15 runes: decaying, silver, gossamer
a: Renounce Religion, Recall Undead Harvest, Dark Bargain


You were on level 1 of the Realm of Zot.
You worshipped Yredelemnul.
Yredelemnul was exalted by your worship.
You visited 9 branches of the dungeon, and saw 41 of its levels.
You also visited: Sewer, Bailey and Volcano.

You collected 9712 gold pieces.
You spent 6113 gold pieces at shops.

Inventory:

Hand Weapons
 L - a +9 heavy double sword (weapon)
   (You acquired it in a sewer)
Missiles
 H - 11 curare-tipped darts
 O - 2 throwing nets (quivered)
Armour
 c - a +2 helmet (worn)
 g - the +1 pair of boots of Pyiss (worn) {Int+5 Dex+3}
   (You acquired it on level 5 of the Vaults)

   Int+5:     It affects your intelligence (+5).
   Dex+3:     It affects your dexterity (+3).
 x - the +1 cloak "Xaluten" (worn) {Str+4}
   (You bought it in a shop on level 2 of the Orcish Mines)

   Str+4:     It affects your strength (+4).
 y - the +10 tower shield of Ignorance {rN+ Int-4}
   (You bought it in a shop on level 2 of the Orcish Mines)

   Int-4:     It affects your intelligence (-4).
   rN+:       It protects you from negative energy.
 A - the +8 plate armour of Stained Surprise (worn) {rF+}
   (You bought it in a shop on level 5 of the Dungeon)

   rF+:       It protects you from fire.
 Z - a +2 kite shield of cold resistance (worn)
   (You took it off a tengu warrior on level 14 of the Dungeon)
Jewellery
 a - the amulet of Yredelemnul's Esteem (around neck) {rF+ Regen+ Stlth+}
   (You found it on level 5 of the Lair of Beasts)

   [amulet of regeneration]

   rF+:       It protects you from fire.
   Regen+:    It increases your rate of health regeneration.
   Stlth+:    It makes you more stealthy.
 e - a +6 ring of dexterity
   (You found it on level 5 of the Vaults)
 f - a ring of protection from fire
   (You found it on level 1 of the Vaults)
 i - a ring of see invisible
   (You found it on level 5 of the Lair of Beasts)
 m - a ring of willpower (right claw)
   (You found it on level 4 of the Spider Nest)
 p - a +4 ring of protection
   (You bought it in a shop on level 5 of the Dungeon)
 v - a +5 ring of evasion
   (You bought it in a shop on level 5 of the Dungeon)
 E - a ring of willpower (left claw)
   (You took it off a yaktaur captain on level 5 of the Vaults)
 P - the ring "Naphie" {rC+ SInv}
   (You took it off a frost giant on level 3 of the Depths)

   [ring of see invisible]

   rC+:       It protects you from cold.
   SInv:      It lets you see invisible.
 S - the amulet of the Country {Reflect rF++ Str+3 Int+4 SH+5}
   (You bought it in a shop on level 5 of the Dungeon)

   [amulet of reflection]

   Reflect:   It reflects blocked missile attacks.
   Str+3:     It affects your strength (+3).
   Int+4:     It affects your intelligence (+4).
   rF++:      It greatly protects you from fire.
   SH+5:      It affects your SH (+5).
Wands
 k - a wand of mindburst (40)
   (You found it on level 4 of the Dungeon)
 o - a wand of iceblast (24)
   (You took it off Ijyb on level 3 of the Dungeon)
 N - a wand of quicksilver (9)
   (You found it on level 1 of the Vaults)
 R - a wand of paralysis (40)
   (You bought it in a shop on level 5 of the Dungeon)
 T - a wand of digging (29)
   (You found it on level 11 of the Dungeon)
Scrolls
 t - 9 scrolls of teleportation
 u - 8 scrolls of poison
 z - 4 scrolls of blinking
 C - 5 scrolls of fear
 D - 7 scrolls of fog
 F - 4 scrolls of revelation
 M - 7 scrolls of vulnerability
 U - 4 scrolls of immolation
 V - 4 scrolls of summoning
Potions
 b - 5 potions of ambrosia
 d - 5 potions of might
 h - 2 potions of haste
 j - 13 potions of enlightenment
 l - 8 potions of attraction
 n - 3 potions of resistance
 q - 15 potions of curing
 s - 2 potions of cancellation
 w - 3 potions of heal wounds
 G - 4 potions of berserk rage
 I - 9 potions of magic
 J - 5 potions of mutation
 X - 2 potions of invisibility
Miscellaneous
 r - a sack of spiders
   (You found it on level 2 of the Spider Nest)
 B - a phial of floods
   (You found it on level 2 of the Vaults)
 K - a phantom mirror
   (You found it on level 1 of the Vaults)
 Y - a condenser vane
   (You found it on level 5 of the Lair of Beasts)


   Skills:
 - Level 21.4 Fighting
 - Level 16.0 Long Blades
 - Level 4.5 Axes
 - Level 1.7 Throwing
 - Level 20.7 Armour
 + Level 13.3 Dodging
 + Level 16.1 Shields
 O Level 27 Invocations
 - Level 6.0 Evocations


You had 23 spell levels left.
You didn't know any spells.
Your spell library contained the following spells:

 Spells                   Type           Power      Damage    Failure   Level
 Slow                     Hex            0%         N/A       87%         1
 Cigotuvi's Dreadful Rot  Necr/Pois/Air  0%         N/A       95%         2
 Ensorcelled Hibernation  Hex/Ice        0%         N/A       95%         2
 Jinxbite                 Hex            0%         N/A       95%         2
 Passwall                 Tmut/Erth      0%         N/A       95%         2
 Poisonous Vapours        Pois/Air       0%         N/A       95%         2
 Static Discharge         Conj/Air       0%         2-2/arc   95%         2
 Confusing Touch          Hex            0%         N/A       99%         3
 Dazzling Flash           Conj/Hex       0%         N/A       99%         3
 Hailstorm                Conj/Ice       0%         3d3       99%         3
 Ignite Poison            Fire/Tmut/Pois 0%         N/A       99%         3
 Inner Flame              Hex/Fire       0%         N/A       99%         3
 Mephitic Cloud           Conj/Pois/Air  0%         N/A       99%         3
 Sigil of Binding         Hex            0%         N/A       99%         3
 Stone Arrow              Conj/Erth      0%         3d7       99%         3
 Swiftness                Air            0%         N/A       99%         3
 Vampiric Draining        Necr           0%         2d6       99%         3
 Volatile Blastmotes      Fire/Tloc      0%         2d10      99%         3
 Airstrike                Air            0%         2d(0-16)  100%        4
 Anguish                  Hex/Necr       0%         N/A       100%        4
 Animate Armour           Summ/Erth      0%         N/A       100%        4
 Dispel Undead            Necr           0%         3d6       100%        4
 Flame Wave               Conj/Fire      0%         2d4       100%        4
 Passage of Golubria      Tloc           0%         N/A       100%        4
 Petrify                  Tmut/Erth      0%         N/A       100%        4
 Sticky Flame             Conj/Fire      0%         2d3       100%        4
 Summon Ice Beast         Ice/Summ       0%         N/A       100%        4
 Summon Lightning Spire   Summ/Air       0%         N/A       100%        4
 Freezing Cloud           Conj/Ice/Air   0%         6-21      100%        5
 Silence                  Hex/Air        0%         N/A       100%        5
 Summon Mana Viper        Hex/Summ       0%         N/A       100%        5
 Yara's Violent Unravell  Hex/Tmut       0%         3d3       100%        5
 Starburst                Conj/Fire      0%         6d3       100%        6
 Enfeeble                 Hex            0%         N/A       100%        7
 Haunt                    Necr/Summ      0%         N/A       100%        7
 Malign Gateway           Summ/Tloc      0%         N/A       100%        7
 Monstrous Menagerie      Summ           0%         N/A       100%        7
 Borgnjor's Revivificati  Necr           0%         N/A       100%        8
 Lehudib's Crystal Spear  Conj/Erth      0%         10d2      100%        8
 Maxwell's Capacitive Co  Air            0%         ∞         100%        8
 Summon Horrible Things   Summ           0%         N/A       100%        8
 Death's Door             Necr           0%         N/A       100%        9
 Death Channel            Necr           Unusable   N/A       N/A         6
 Simulacrum               Ice/Necr       Unusable   N/A       N/A         6

Dungeon Overview and Level Annotations

Branches:
Dungeon (15/15) Zot: 25353  Temple (1/1) D:6 Zot: 5987    Lair (5/5) D:8 Zot: 25478
  Swamp (4/4) Lair:3 Zot: 20949  Spider (4/4) Lair:2 Zot: 20497   Slime (0/5) Lair:5
    Orc (2/2) D:9 Zot: 10056     Elf (0/3) Orc:2        Vaults (5/5) D:14 Zot: 23202
  Crypt (0/3) Vaults:3     Depths (4/4) D:15 Zot: 19005     Zot (1/5) Depths:4 Zot: 5857
  Sewer (visited)          Bailey (visited)         Volcano (visited)

Altars:
Ashenzari
Cheibriados
Dithmenos
Fedhas
Gozag
Hepliaklqana
Kikubaaqudgha
Makhleb
Nemelex Xobeh
Okawaru
Qazlal
Ru
Sif Muna
Trog
Uskayaw
Vehumet
Wu Jian
Xom
Yredelemnul
Jiyva

Shops:
D:5 *=(=   Orc:1 [[   Orc:2 [=!?   Vaults:1 :   Depths:1 :==

Portals:
Hell: Depths:1 Depths:2 Depths:3 Depths:4
Abyss: Depths:1 Depths:3
Pandemonium: Depths:2
Ziggurat: Depths:4
Trove: Vaults:4 (give +4 demon whip)


Innate Abilities, Weirdness & Mutations

You have claws for hands.
You have an unnaturally thin skeletal structure. (Dex +6, Stealth+++)
A demonic guardian rushes to your aid.
You are powered by pain.
Your magical and physical power is enhanced at high health.


Message History

The golden dragon claws your revenant!
The golden dragon tramples your revenant!
Your revenant holds its ground!
The black draconian knight points at you and mumbles some strange words.
The bolt of cold hits your revenant!
Your revenant resists.
The bolt of cold hits your spectral draconian knight!!
Your spectral draconian knight resists.
The bolt of cold hits you. You resist.
You feel sick.
Your spectral draconian knight fades away!
The golden dragon bites your spectral green draconian!!
The golden dragon claws your spectral green draconian but does no damage.
The golden dragon completely misses your spectral green draconian.
You feel sick.
Your spectral green draconian fades away!
Your revenant closely misses the black draconian knight.
The black draconian knight hits your revenant with a +0 long sword.
The golden dragon bites your doom hound zombie!
The golden dragon claws your doom hound zombie.
The golden dragon barely misses your doom hound zombie.
You swap places.
You feel sick.
You are no longer poisoned.
Your spectral draconian scorcher fades away!
Your doom hound zombie bites the golden dragon but does no damage.
Your doom hound zombie claws the golden dragon!
Your revenant barely misses the black draconian knight.
A bolt of lightning appears from out of thin air!
The bolt of lightning misses your revenant.
The bolt of lightning hits your doom hound zombie!!!
The bolt of lightning hits you!!
* * * LOW HITPOINT WARNING * * *
The golden dragon bites your doom hound zombie!!
The golden dragon claws your doom hound zombie!!
The golden dragon tramples your doom hound zombie!
Your doom hound zombie stumbles backwards!
The black draconian knight breathes lightning at you.
The bolt of lightning hits your revenant!!
Your revenant is destroyed!
Your revenant disappears in a puff of smoke!
Your spectral golden dragon fades away!
The bolt of lightning misses the golden dragon.
The bolt of lightning misses you.
You hear a deafening roar!
You barely miss the golden dragon.
The golden dragon is lightly wounded.
Your doom hound zombie bites the golden dragon!
Your doom hound zombie claws the golden dragon!
The black draconian knight gestures wildly while chanting.
The black draconian knight seems to speed up.
The golden dragon bites you but does no damage.
The golden dragon claws you!
* * * LOW HITPOINT WARNING * * *
The golden dragon tramples you but does no damage.
Your doom hound zombie bites the golden dragon!!
Your doom hound zombie claws the golden dragon but does no damage.
You hear a roar!
Okay, then.
You feel much better.
The black draconian knight breathes lightning at you.
The bolt of lightning hits the golden dragon!
The golden dragon resists.
The bolt of lightning hits you!!
* * * LOW HITPOINT WARNING * * *
The golden dragon completely misses your doom hound zombie.
The golden dragon claws your doom hound zombie!
The golden dragon tramples your doom hound zombie.
Your doom hound zombie holds its ground!
A green draconian comes into view. It is wielding a +0 halberd.
Your doom hound zombie bites the golden dragon!
Your doom hound zombie claws the golden dragon.
You hear a deafening roar!
You hear a chilling moan.
You hit the golden dragon but do no damage.
The golden dragon is severely wounded.
Your doom hound zombie bites the golden dragon but does no damage.
Your doom hound zombie claws the golden dragon!
The golden dragon bites your doom hound zombie!
The golden dragon claws your doom hound zombie.
The golden dragon tramples your doom hound zombie.
Your doom hound zombie stumbles backwards!
Your doom hound zombie bites the golden dragon.
Your doom hound zombie claws the golden dragon!
The golden dragon dies!
You open the black draconian knight like a pillowcase!!!
The black draconian knight is moderately wounded.
Your doom hound zombie bites the black draconian knight!
Your doom hound zombie claws the black draconian knight but does no damage.
The black draconian knight breathes lightning at you.
The bolt of lightning hits you!!
* * * LOW HITPOINT WARNING * * *
A demonic guardian appears!
The bolt of lightning hits your hell beast!
The bolt of lightning hits your hell beast!!
The bolt of lightning hits you!
* * * LOW HITPOINT WARNING * * *
A bolt of lightning appears from out of thin air!
The bolt of lightning hits the black draconian knight.
The black draconian knight completely resists.
The bolt of lightning hits you!!!
You die...
Your body rises from the dead as a mindless zombie.

##....#####
##..z..#...#
##...##.#..#####
#..###....##...##
##...#..#.##....(##
###....##.#.#.......
#.....##..#.+....d..
#.....#...Z.#.......
##...####2>@q#.dq...#
#.......#....{.# #'#
#....##..###.##'###.#
#+## #.....#
..#⌠..#8)8##.##8.8#
#...###
.....##...#h#...#
#...#
#......##.).)D..#
##### #....##.
##..∩))## ##..# .#
##8.8## #.# .. #####


You could see a black draconian knight (fast, catching breath, ally target), a
friendly hell beast (summoned) and a friendly doom hound zombie.

Vanquished Creatures
  5 juggernauts (Depths:3)
  Boris (twice) (Vaults:2 Depths:2)
  A golden dragon (Depths:3)
  A bone dragon (Zot:1)
  2 doom hounds (Zot:1)
  A Tzitzimitl (Zot:1)
  3 walking earthen tomes (Depths:3)
  3 liches
  2 tentacled monstrosities
  2 titans (Vaults:5)
  2 quicksilver dragons (Vaults:5)
  Grunn (Zot:1)
  A walking frostbound tome (Depths:3)
  9 sphinxes
  5 shadow dragons
  6 tengu reavers
  A fenstrider witch (Swamp:2)
  An azure jelly (shapeshifter) (Depths:3)
  9 fire giants
  3 frost giants
  2 storm dragons
  An emperor scorpion (Spider:2)
  10 vault wardens
  2 ghost moths (Spider:4)
  A deep elf sorcerer (Vaults:5)
  Louise (Spider:4)
  5 iron dragons
  3 balrugs
  3 orc warlords
  A draconian shifter (Zot:1)
  The ghost of Ecig the Metamorph, a journeyman DrSh of Ru (Orc:1)
  20 ironbound preservers
  2 formless jellyfish (Vaults:3)
  A reaper (Zot:1)
  A draconian annihilator (Depths:4)
  A broodmother (Spider:2)
  4 ironbound thunderhulks
  A spriggan defender (Depths:3)
  10 very ugly things
  3 vampire knights
  2 war gargoyles (Vaults:5)
  10 stone giants
  2 green draconians (Depths:4)
  2 deep elf demonologists
  2 bunyips
  2 purple draconians
  10 spark wasps
  An eleionoma (Swamp:4)
  3 white draconians
  2 yellow draconians (Depths:4)
  2 red draconians (Depths:4)
  3 dire elephants (Vaults:1)
  Snorg (D:13)
  2 merfolk javelineers (Depths:2)
  A deep elf high priest (Vaults:1)
  3 jiangshi (Depths:2)
  6 ettins
  2 merfolk impalers (Depths:2)
  6 yaktaur captains
  9 fire dragons
  2 crystal guardians (Vaults:3)
  A deep elf death mage (Vaults:2)
  3 entropy weavers
  2 great orbs of eyes
  A peacekeeper (Vaults:3)
  3 alligators
  A ghost crab (Swamp:2)
  3 ogre magi
  3 spriggan air magi (Depths:3)
  11 hydras
  6 rakshasas
  Erica (D:8)
  7 ice dragons
  18 vault guards
  7 centaur warriors
  5 two-headed ogres
  3 jorogumos
  8 boulder beetles
  2 dancing weapons (D:12)
  A satyr (shapeshifter) (Vaults:5)
  6 deep troll shamans
  A hell hog (Depths:3)
  A death yak (Lair:5)
  A sphinx skeleton (Vaults:3)
  2 spriggan berserkers (Depths:4)
  Urug (Lair:3)
  5 deep troll earth magi
  5 tengu warriors
  14 demonic crawlers
  7 hell knights (Depths:3)
  An orc high priest (Orc:1)
  A deep elf knight (Vaults:2)
  A soul eater (Depths:3)
  A sun demon (Depths:4)
  2 iron trolls (Depths:2)
  2 glowing orange brains
  8 skeletal warriors
  6 pharaoh ants
  2 sun moths
  A flayed ghost (Depths:3)
  A goliath frog (Swamp:2)
  A swamp dragon (Swamp:4)
  54 deep trolls
  2 spriggan druids
  7 orb spiders
  10 ironbound convokers
  A lindwurm (shapeshifter) (Depths:3)
  7 orc knights
  4 steelbarb worms
  2 phantasmal warriors (Vaults:5)
  A harpy (Vaults:1)
  5 lindwurms
  3 wizards
  A goliath frog zombie (Swamp:4)
  2 deep elf pyromancers
  4 necromancers
  13 wolf spiders
  An oklob plant (Lair:1)
  An alligator zombie (Swamp:1)
  8 cyclopes
  7 orc sorcerers
  18 ugly things
  2 moths of wrath
  A will-o-the-wisp (Swamp:1)
  2 manticores
  5 black mambas
  8 elephants
  4 molten gargoyles
  A frost giant skeleton (Vaults:3)
  10 vault sentinels
  A stone giant skeleton (Vaults:3)
  2 smoke demons
  3 torpor snails
  2 elf skeletons (Vaults:3)
  2 unseen horrors
  8 cane toads
  25 yaktaurs
  4 kobold demonologists
  6 komodo dragons
  8 rime drakes
  3 efreet (Volcano)
  A tengu conjurer (D:13)
  4 yaktaur skeletons (Vaults:3)
  4 polar bears
  7 meliai
  6 trolls
  6 hornets
  Grinder (D:5)
  3 tyrant leeches
  4 tarantellas
  2 blink frogs (Lair:5)
  5 dream sheep
  A snapping turtle (shapeshifter) (Vaults:2)
  An elf zombie (Vaults:1)
  14 slime creatures
  A fire giant simulacrum (Depths:2)
  A shadow (D:10)
  15 culicivoras
  A wraith (D:11)
  2 ettin skeletons
  5 water elementals
  13 jumping spiders
  5 spriggans (Lair:5)
  13 wyverns
  5 fire elementals (Volcano)
  2 hogs (D:13)
  27 yaks
  3 vampire mosquitoes
  A neqoxec (Depths:2)
  A redback (shapeshifter) (D:13)
  A human simulacrum (Vaults:1)
  8 basilisks
  26 redbacks
  A steam dragon (D:10)
  8 swamp worms
  4 wargs
  A floating eye (Depths:3)
  4 hell hounds (D:15)
  An ogre skeleton (Vaults:3)
  3 black bears
  A glowing shapeshifter skeleton (Vaults:3)
  7 water moccasins
  5 swamp drakes
  A sky beast (D:8)
  19 orc warriors
  2 ice beasts
  A centaur (D:4)
  7 ogres
  3 boggarts (Lair:5)
  26 wolves
  7 kobold brigands
  A phantom (D:4)
  10 bullfrogs
  2 scorpions
  2 gnoll sergeants
  3 earth elementals (Volcano)
  An ogre simulacrum (Vaults:1)
  4 wights (D:5)
  14 killer bees
  3 howler monkeys
  5 electric eels
  8 hounds
  A jelly (D:5)
  11 orc priests
  2 gnoll boudas
  9 iguanas
  4 sleepcaps
  Ijyb (D:3)
  Natasha (D:2)
  21 orc wizards
  8 hell rats
  19 gnolls
  An orc zombie (D:8)
  16 adders
  5 river rats (Sewer)
  A white imp (D:5)
  2 ufetubi
  2 adder skeletons (D:2)
  2 worms (D:2)
  4 dart slugs
  51 orcs
  6 bats
  A bat skeleton (D:2)
  8 endoplasms
  A giant cockroach (D:5)
  7 hobgoblins
  3 jackals (D:2)
  27 kobolds
  15 ball pythons
  7 frilled lizards
  11 goblins
  A jackal skeleton (D:2)
  A quokka skeleton (D:2)
  23 rats
  A rat zombie (D:5)
1226 creatures vanquished.

Vanquished Creatures (collateral kills)
  A dread lich (Vaults:5)
  A juggernaut (Depths:3)
  An ancient lich (Vaults:5)
  the Lernaean hydra (Swamp:4)
  Xtahua (Vaults:5)
  3 golden dragons
  A doom hound (Zot:1)
  2 hellephants (Depths:3)
  2 tentacled monstrosities (Depths:3)
  A walking earthen tome (Depths:3)
  4 liches
  3 titans
  Aizul (Swamp:1)
  2 storm dragons (Depths:3)
  Kirke (D:13)
  A shadow dragon (Zot:1)
  6 tengu reavers
  2 fire giants
  A fenstrider witch (Swamp:3)
  3 emperor scorpions
  3 frost giants
  2 ghost moths (Spider:4)
  6 vault wardens
  A draconian scorcher (Depths:4)
  An iron dragon (Depths:3)
  15 very ugly things
  6 ironbound thunderhulks
  A reaper (Depths:3)
  8 stone giants
  4 vampire knights
  A cacodemon (Depths:2)
  11 ironbound preservers
  3 eleionomae
  2 yellow draconians
  3 dire elephants (Vaults:1)
  3 spark wasps
  4 bunyips
  5 ettins
  2 deep elf death magi
  5 fire dragons
  4 entropy weavers
  Josephine (Lair:5)
  A shambling mangrove (Swamp:3)
  4 yaktaur captains
  3 great orbs of eyes
  12 hydras
  16 vault guards
  4 rakshasas
  4 ice dragons
  5 alligators
  2 ogre magi
  2 two-headed ogres (D:15)
  2 boulder beetles
  A ghost crab (Swamp:4)
  5 jorogumos
  3 centaur warriors
  4 ironbound frosthearts
  5 death yaks (Lair:5)
  2 dancing weapons
  4 deep troll earth magi
  A deep troll shaman (Depths:1)
  3 tengu warriors
  A vampire mage (Depths:2)
  2 hell hogs (Depths:3)
  3 spriggan berserkers
  6 demonic crawlers
  2 hell knights (Depths:3)
  2 skeletal warriors (D:12)
  7 iron trolls
  3 pharaoh ants
  A goliath frog (Swamp:4)
  2 spriggan druids
  A golden dragon zombie (Depths:2)
  A sun moth (Spider:4)
  A spriggan rider (Swamp:3)
  9 orb spiders
  2 glowing orange brains
  5 swamp dragons
  41 deep trolls
  5 flayed ghosts
  8 ironbound convokers
  3 bog bodies
  A steelbarb worm (Spider:4)
  A harpy (shapeshifter) (Vaults:5)
  2 lindwurms
  4 orc knights
  4 orc sorcerers
  5 wizards
  2 phantasmal warriors (Depths:1)
  3 human zombies
  Pikel (D:8)
  A harpy (Vaults:2)
  7 wolf spiders
  A deep elf pyromancer (Vaults:2)
  A shining eye (shapeshifter) (Depths:3)
  2 necromancers
  2 moths of wrath
  A manticore (D:14)
  8 ugly things
  A fire giant zombie (Vaults:3)
  A cyclops (D:15)
  3 elephants
  2 will-o-the-wisps
  Maurice (D:8)
  17 vault sentinels
  A black mamba (Lair:2)
  4 cane toads
  A gargoyle (D:13)
  4 torpor snails
  A kobold demonologist (D:11)
  An orange demon (Depths:2)
  2 rime drakes (Lair:3)
  17 yaktaurs
  Maggie (D:8)
  5 komodo dragons
  3 tengu conjurers
  An ice devil (Depths:2)
  2 freezing wraiths (Vaults:5)
  5 meliai
  A queen bee (Spider:2)
  A polar bear (Lair:5)
  10 hornets
  8 tarantellas
  5 blink frogs (Lair:5)
  A merfolk zombie (Depths:2)
  5 tyrant leeches
  Prince Ribbit (D:6)
  A jumping spider zombie (Spider:3)
  11 slime creatures
  5 dream sheep (Lair:5)
  An ettin zombie (Vaults:3)
  15 jumping spiders
  12 culicivoras
  5 wraiths (Lair:5)
  3 water elementals
  5 wyverns
  13 yaks
  9 basilisks
  An elf simulacrum (Vaults:3)
  13 spriggans
  An elf zombie (Vaults:3)
  2 hogs (D:13)
  A neqoxec (Depths:2)
  20 redbacks
  2 vampire mosquitoes (Swamp:1)
  3 wargs
  6 swamp worms
  5 water moccasins
  2 glowing shapeshifter skeletons
  12 orc warriors
  6 swamp drakes
  2 ogres
  14 wolves
  2 black bears (Lair:5)
  A centaur (D:6)
  A lemure (D:8)
  3 kobold brigands
  2 bullfrogs
  A scorpion (Spider:2)
  A killer bee (Spider:2)
  2 howler monkeys
  2 hounds
  2 jellies (Lair:5)
  10 orc priests
  An iguana (D:6)
  8 orc wizards
  A sleepcap (D:7)
  6 hell rats
  A mummy (D:6)
  4 gnolls (D:8)
  A white imp (D:6)
  An ufetubus (D:6)
  41 orcs
  2 endoplasms (Lair:5)
  10 kobolds
  3 orc zombies
744 creatures vanquished.

Vanquished Creatures (others)
  2 spectral tengu
  A juggernaut zombie (Depths:3)
  A spectral human (Spider:2)
  spectral Mlioglotl (Spider:4)
  3 very ugly thing zombies
  2 sphinx zombies
  A vault guard (Vaults:5)
  An azure jelly zombie (Depths:3)
  An emperor scorpion zombie (Spider:2)
  A spectral centaur (D:12)
  A spectral reaper (Depths:3)
  5 spark wasp zombies
  A spectral cacodemon (Depths:2)
  A deep troll (Depths:3)
  A shadow dragon zombie (Zot:1)
  2 jorogumo zombies (Spider:4)
  2 ugly thing zombies
  3 wolf spider zombies
  A frost giant zombie (Depths:3)
  A hell hog zombie (Depths:3)
  2 stone giant zombies
  2 fire giant zombies (Depths:3)
  A centaur zombie (D:15)
  A formless jellyfish zombie (Vaults:3)
  A purple draconian zombie (Zot:1)
  2 spectral rakshasas
  2 death yak zombies (Lair:5)
  2 white draconian zombies (Zot:1)
  10 redback zombies
  A yaktaur (Vaults:2)
  2 orb spider zombies (Spider:3)
  4 iron troll zombies
  3 demonic crawler zombies
  A merfolk zombie (Depths:2)
  21 human zombies
  A hornet (Spider:2)
  2 bloated husks
  A hydra zombie (Swamp:4)
  2 harpy zombies
  7 jumping spider zombies
  A moth of wrath zombie (Spider:2)
  3 fire dragon zombies (Depths:3)
  2 tarantella zombies (Spider:1)
  2 culicivora zombies
  An ice dragon zombie (Depths:4)
  An ettin zombie (Depths:2)
  4 meliai zombies
  A spriggan (shapeshifter) (Vaults:5)
  3 black mamba zombies
  A tyrant leech zombie (Lair:3)
  2 slime creature zombies
  A cane toad zombie (Lair:2)
  2 entropy weaver zombies
  2 tengu zombies
  20 deep troll zombies
  A hornet zombie (Depths:2)
  A lindwurm zombie (Vaults:2)
  A swamp dragon zombie (Swamp:4)
  3 elf zombies
  3 elephant zombies (Lair:2)
  4 blink frog zombies (Lair:5)
  3 dream sheep zombies (Lair:5)
  4 vampire mosquito zombies
  2 komodo dragon zombies (Lair:5)
  4 rime drake zombies
  2 spectral neqoxecs (Depths:2)
  6 yaktaur zombies
  2 hell hound zombies (D:15)
  2 water moccasin zombies (Lair:5)
  4 wyvern zombies
  A warg zombie (Orc:1)
  A queen bee zombie (Spider:2)
  A polar bear zombie (Lair:5)
  5 spriggan zombies
  4 yak zombies
  11 wolf zombies
  A bullfrog zombie (D:8)
  A black bear zombie (Lair:5)
  3 basilisk zombies
  2 orc wizards (Orc:2)
  8 killer bee zombies
  5 hound zombies
  4 hell rat zombies
  2 swamp drake zombies (Swamp:4)
  A jelly zombie (Lair:5)
  An adder zombie (D:6)
  2 gnoll zombies
  A hobgoblin zombie (Bailey)
  9 kobold zombies
  26 orc zombies
  8 foxfires
285 creatures vanquished.

Grand Total: 2255 creatures vanquished

Notes
Turn   | Place    | Note
-------+----------+-------------------------------------------
     0 | D:1      | Flugkiller the Demonspawn Gladiator began the quest for the
                  | Orb.
     0 | D:1      | Reached XP level 1. HP: 16/16 MP: 1/1
   274 | D:1      | Gained mutation: You have a somewhat thin skeletal
                  | structure. (Dex +2, Stealth+) [demonic ancestry]
   274 | D:1      | Reached XP level 2. HP: 22/22 MP: 2/2
   836 | D:2      | Gained mutation: You sometimes gain a little power by
                  | taking damage. [demonic ancestry]
   836 | D:2      | Reached XP level 3. HP: 28/28 MP: 3/3
  1243 | D:2      | Noticed Natasha
  1253 | D:2      | Killed Natasha
  1254 | D:2      | Gained mutation: You have sharp fingernails. [demonic
                  | ancestry]
  1254 | D:2      | Reached XP level 4. HP: 10/35 MP: 4/4
  1596 | D:3      | Noticed Ijyb
  1611 | D:3      | Killed Ijyb
  1764 | D:3      | Reached XP level 5. HP: 33/41 MP: 5/5
  2371 | D:4      | Noticed an ogre
  2377 | D:4      | Killed an ogre
  2378 | D:4      | Gained mutation: You have a moderately thin skeletal
                  | structure. (Dex +4, Stealth++) [demonic ancestry]
  2378 | D:4      | Reached XP level 6. HP: 28/48 MP: 6/6
  2962 | D:4      | Reached skill level 1 in Evocations
  3324 | D:5      | Entered Level 5 of the Dungeon
  3343 | D:5      | Found a glowing drain.
  3365 | D:5      | Reached XP level 7. HP: 54/55 MP: 7/7
  3369 | D:5      | Found Inobuad's Jewellery Shop.
  3408 | D:5      | Noticed Grinder
  3417 | D:5      | Killed Grinder
  3421 | D:5      | Reached skill level 5 in Evocations
  3436 | Sewer    | Entered a sewer
  3756 | Sewer    | Identified 2 scrolls of acquirement
  3756 | Sewer    | Acquired a manual of Dodging
  3758 | Sewer    | Acquired a +4 heavy double sword
  3886 | Sewer    | Acquired 955 gold pieces
  4040 | Sewer    | Reached XP level 8. HP: 61/61 MP: 8/8
  4048 | Sewer    | Reached skill level 1 in Long Blades
  4137 | D:5      | Reached skill level 5 in Dodging
  4151 | D:5      | Found Kumeh's Assorted Antiques.
  4201 | D:5      | Bought a scroll labelled XIVOFERIVU for 22 gold pieces
  4201 | D:5      | Bought a scroll labelled HUIREUXTAO for 22 gold pieces
  4201 | D:5      | Bought a long glass wand for 88 gold pieces
  4362 | D:5      | Reached skill level 5 in Fighting
  4412 | D:5      | Bought a polished plate armour for 616 gold pieces
  4412 | D:5      | Identified the +8 plate armour of Stained Surprise {rF+}
                  | (You bought it in a shop on level 5 of the Dungeon)
  4546 | D:5      | Reached skill level 1 in Armour
  5000 | D:5      | Found Ygos Cea's Antique Weapon Emporium.
  5153 | D:5      | Found Piuv's Jewellery Boutique.
  5204 | D:6      | Identified the +3 dagger of the Fray {heavy, Will+ Int-5
                  | Dex+5}
  5252 | D:6      | Found a staircase to the Ecumenical Temple.
  5256 | Temple   | Entered the Ecumenical Temple
  5262 | Temple   | Became a worshipper of Yredelemnul the Dark
  5325 | D:6      | Reached * piety under Yredelemnul
  5498 | D:6      | Reached skill level 1 in Invocations
  5498 | D:6      | Gained mutation: A weak demonic guardian rushes to your
                  | aid. [demonic ancestry]
  5498 | D:6      | Reached XP level 9. HP: 68/69 MP: 9/9
  5512 | D:6      | Found a blossoming altar of Fedhas.
  5524 | D:6      | Reached skill level 2 in Invocations
  5528 | D:6      | Reached skill level 3 in Invocations
  5531 | D:6      | Reached ** piety under Yredelemnul
  5549 | D:6      | Reached skill level 4 in Invocations
  5551 | D:6      | Noticed Prince Ribbit
  5564 | D:6      | Killed Prince Ribbit
  5565 | D:6      | Reached skill level 5 in Invocations
  5610 | D:6      | Identified the +2 pair of gloves of Urphevvid {Dex+3}
  5720 | D:6      | Found a broken altar of Ashenzari.
  5720 | D:6      | Found a sparkling altar of Nemelex Xobeh.
  5723 | D:6      | Found a burning altar of Makhleb.
  5725 | D:6      | Found a shadowy altar of Dithmenos.
  5730 | D:6      | Found a sacrificial altar of Ru.
  5736 | D:6      | Found a shimmering blue altar of Sif Muna.
  5850 | D:6      | Found a snail-covered altar of Cheibriados.
  6573 | D:7      | Reached skill level 5 in Armour
  6730 | D:8      | Noticed a troll
  6745 | D:8      | Killed a troll
  6801 | D:8      | Noticed Pikel
  7032 | D:7      | Gained mutation: You have an unnaturally thin skeletal
                  | structure. (Dex +6, Stealth+++) [demonic ancestry]
  7032 | D:7      | Reached XP level 10. HP: 26/76 MP: 13/13
  7222 | D:8      | Noticed Maggie
  7235 | D:8      | HP: 2/76 [something/lance of force (30)]
  7241 | D:8      | Found a staircase to the Lair.
  7288 | D:8      | Noticed Maurice
  7293 | D:8      | Found a flagged portal.
  7302 | Bailey   | Entered a bailey
  7410 | Bailey   | Noticed an orc knight
  7716 | Bailey   | Killed an orc knight
  7819 | D:8      | Maurice stole 4 throwing nets
  7872 | D:7      | Reached skill level 5 in Long Blades
  8006 | D:8      | Noticed Erica
  8016 | D:8      | Killed Erica
  8038 | D:8      | Killed Maggie
  8099 | D:8      | Reached *** piety under Yredelemnul
  8105 | D:8      | Reached **** piety under Yredelemnul
  8118 | D:8      | Something stole a +5 battleaxe
  8118 | D:8      | Killed Maurice
  8177 | D:8      | Killed Pikel
  8178 | D:8      | Reached XP level 11. HP: 81/81 MP: 10/14
  8351 | D:8      | Found an iron altar of Okawaru.
  8486 | D:5      | Bought the amulet of the Country {Reflect rF++ Str+3 Int+4
                  | SH+5} for 830 gold pieces
  8524 | D:5      | Bought a +4 ring of protection for 432 gold pieces
  8558 | D:5      | Bought a +5 ring of evasion for 432 gold pieces
  8827 | D:9      | Got a humming book
  8853 | D:9      | Found an opulent altar of Gozag.
  8933 | D:9      | Found a stormy altar of Qazlal.
  8978 | D:9      | Found a staircase to the Orcish Mines.
  9291 | D:10     | Entered Level 10 of the Dungeon
  9476 | D:10     | Noticed a two-headed ogre
  9754 | D:10     | Killed a two-headed ogre
 10324 | D:11     | Noticed a boulder beetle
 10350 | D:11     | Killed a boulder beetle
 10351 | D:11     | Reached skill level 10 in Long Blades
 10414 | D:11     | Noticed a sixfirhy
 10973 | Lair:1   | Entered Level 1 of the Lair of Beasts
 11034 | Lair:1   | Reached skill level 6 in Invocations
 11131 | Lair:1   | Noticed a boulder beetle
 11152 | Lair:1   | Killed a boulder beetle
 11177 | Lair:1   | Reached XP level 12. HP: 64/91 MP: 12/17
 11301 | Lair:1   | Found an ornate altar of the Wu Jian Council.
 11314 | Lair:1   | Reached skill level 7 in Invocations
 11464 | Lair:1   | Reached ***** piety under Yredelemnul
 11700 | Lair:2   | Reached skill level 10 in Dodging
 11800 | Lair:2   | Reached skill level 8 in Invocations
 11866 | Lair:2   | Found a burning altar of Makhleb.
 12009 | Lair:2   | Found a hole to the Spider Nest.
 12021 | Lair:2   | Reached ****** piety under Yredelemnul
 12053 | Lair:2   | Reached skill level 9 in Invocations
 12315 | Lair:2   | You fall into a shaft and drop 1 floor!
 12406 | Lair:3   | Gained mutation: You sometimes gain power by taking damage.
                  | [demonic ancestry]
 12406 | Lair:3   | Reached XP level 13. HP: 96/101 MP: 20/20
 12411 | Lair:3   | Reached skill level 10 in Invocations
 12457 | Lair:3   | Found a dark tunnel.
 12461 | Volcano  | Entered a volcano
 12771 | Lair:3   | Reached skill level 11 in Invocations
 12780 | Lair:3   | Reached skill level 10 in Fighting
 12895 | Lair:3   | Reached skill level 12 in Invocations
 12906 | Lair:3   | Found a staircase to the Swamp.
 13193 | Lair:3   | Noticed Urug
 13202 | Lair:3   | Killed Urug
 13770 | Lair:4   | Reached skill level 13 in Invocations
 14199 | Lair:4   | Noticed Nessos
 14213 | Lair:4   | Killed Nessos
 14213 | Lair:4   | Charmed Nessos
 14639 | Lair:5   | Entered Level 5 of the Lair of Beasts
 14674 | Lair:5   | Reached XP level 14. HP: 88/110 MP: 24/24
 14684 | Lair:5   | Found a staircase to the Slime Pits.
 14685 | Lair:5   | Found a viscous altar of Jiyva.
 14762 | Lair:5   | Noticed Josephine
 14770 | Lair:5   | Killed Josephine
 14781 | Lair:5   | Reached skill level 14 in Invocations
 14801 | Lair:5   | Identified the amulet of Yredelemnul's Esteem {rF+ Regen+
                  | Stlth+}
 14978 | Lair:5   | Reached skill level 15 in Invocations
 15817 | D:12     | Your ally Nessos died
 16228 | D:12     | Found a runed translucent door.
 16228 | D:12     | Found a hide-covered altar of Uskayaw.
 17029 | D:13     | Noticed Snorg
 17039 | D:13     | Killed Snorg
 17308 | D:13     | Noticed Kirke
 17319 | D:13     | Killed Kirke
 17351 | D:13     | Gained mutation: A demonic guardian rushes to your aid.
                  | [demonic ancestry]
 17351 | D:13     | Reached XP level 15. HP: 113/117 MP: 26/26
 17895 | D:14     | Reached skill level 16 in Invocations
 18034 | D:14     | Found a gate to the Vaults.
 18234 | D:13     | Reached skill level 1 in Shields
 18683 | D:15     | Entered Level 15 of the Dungeon
 18800 | D:15     | Found a staircase to the Depths.
 18847 | D:15     | Identified the +2 ring mail of Defiance {Str-3 Int+5}
 19285 | D:15     | Reached skill level 15 in Long Blades
 19504 | Orc:1    | Entered Level 1 of the Orcish Mines
 19511 | Orc:1    | Found Ryg Uciaziv's Armour Shoppe.
 19527 | Orc:1    | Found a runed translucent gate.
 19527 | Orc:1    | Found a runed translucent gate.
 19527 | Orc:1    | Found a runed translucent gate.
 19536 | Orc:1    | Noticed Ecig's ghost (journeyman DrSh)
 19635 | Orc:1    | Found Lanucic's Antique Armour Boutique.
 19642 | Orc:1    | Bought a shiny helmet for 240 gold pieces
 19854 | Orc:1    | Reached skill level 10 in Armour
 19913 | Orc:1    | Reached skill level 17 in Invocations
 20046 | Orc:1    | Reached XP level 16. HP: 127/127 MP: 21/28
 20050 | Orc:1    | Killed Ecig's ghost
 20094 | Orc:2    | Entered Level 2 of the Orcish Mines
 20161 | Orc:2    | Found a staircase to the Elven Halls.
 20373 | Orc:2    | Found Zoym's Antique Armour Emporium.
 20407 | Orc:2    | Found a radiant altar of Vehumet.
 20410 | Orc:2    | Found Egerritto's Jewellery Shoppe.
 20428 | Orc:2    | Paralysed by an orc sorcerer for 2 turns
 20434 | Orc:2    | Found Hoafittio's Magic Scroll Emporium.
 20434 | Orc:2    | Found Tiluul's Distillery.
 20457 | Orc:2    | Bought a scroll of enchant armour for 112 gold pieces
 20457 | Orc:2    | Bought a scroll of enchant weapon for 112 gold pieces
 20472 | Orc:2    | Bought a potion of heal wounds for 75 gold pieces
 20472 | Orc:2    | Bought a potion of haste for 150 gold pieces
 20472 | Orc:2    | Bought a potion of haste for 150 gold pieces
 20472 | Orc:2    | Bought a potion of haste for 150 gold pieces
 20492 | Orc:2    | Found an ancient bone altar of Kikubaaqudgha.
 20517 | Orc:2    | Bought a fine cloak for 199 gold pieces
 20517 | Orc:2    | Identified the +1 cloak "Xaluten" {Str+4} (You bought it in
                  | a shop on level 2 of the Orcish Mines)
 20622 | Orc:2    | Noticed Donald
 20629 | Orc:2    | Killed Donald
 20629 | Orc:2    | Charmed Donald
 21139 | Orc:2    | Acquired the +4 pair of gloves "Hihel" {Slay+3}
 21335 | Swamp:1  | Entered Level 1 of the Swamp
 21404 | Swamp:1  | Noticed Aizul
 21410 | Swamp:1  | Killed Aizul
 21411 | Swamp:1  | Reached skill level 5 in Shields
 21742 | Swamp:1  | Identified the +9 long sword of the Countless Spirits
                  | {holy, Int+4}
 22024 | Swamp:2  | Identified the +6 flail of Ynalewig {freeze, Str+2}
 23164 | Swamp:4  | Entered Level 4 of the Swamp
 23357 | Swamp:4  | Reached skill level 18 in Invocations
 23369 | Swamp:4  | Noticed the 27-headed Lernaean hydra
 23372 | Swamp:4  | Killed the 27-headed Lernaean hydra
 23377 | Swamp:4  | Gained mutation: You have very sharp fingernails. [demonic
                  | ancestry]
 23377 | Swamp:4  | Reached XP level 17. HP: 97/135 MP: 26/30
 23470 | Swamp:4  | Got a decaying rune of Zot
 24139 | Spider:1 | Entered Level 1 of the Spider Nest
 24582 | Spider:1 | Noticed Rupert
 24593 | Spider:1 | Killed Rupert
 24593 | Spider:1 | Charmed Rupert
 25366 | Spider:2 | Your ally Rupert died
 25674 | Spider:2 | Reached skill level 19 in Invocations
 26055 | Spider:3 | Reached skill level 10 in Shields
 26099 | Spider:3 | Gained mutation: You have claws for hands. [demonic
                  | ancestry]
 26099 | Spider:3 | Reached XP level 18. HP: 98/145 MP: 25/31
 26220 | Spider:3 | Noticed Mlioglotl
 26228 | Spider:3 | Killed Mlioglotl
 26228 | Spider:3 | Charmed Mlioglotl
 26577 | Spider:4 | Entered Level 4 of the Spider Nest
 26613 | Spider:4 | Noticed Louise
 26634 | Spider:4 | Killed Louise
 26876 | Spider:4 | Your ally Mlioglotl died
 26994 | Spider:4 | Noticed Arachne
 27017 | Spider:4 | Killed Arachne
 27017 | Spider:4 | Charmed Arachne
 27030 | Spider:4 | Your ally Louise died
 27398 | Spider:4 | Got a gossamer rune of Zot
 27842 | Vaults:1 | Entered Level 1 of the Vaults
 27870 | Vaults:1 | Identified the ring "Xauc" {Wiz rCorr Str-5 Dex+4 Stlth+}
 27913 | Vaults:1 | Found Liymmemu's Book Shop.
 27978 | Vaults:1 | Reached skill level 20 in Invocations
 28167 | Vaults:1 | Gained mutation: Your magical and physical power is
                  | slightly enhanced at high health. [demonic ancestry]
 28167 | Vaults:1 | Reached XP level 19. HP: 154/154 MP: 27/33
 28378 | Vaults:1 | Reached skill level 15 in Fighting
 28986 | Vaults:1 | Bought a manual of Shields for 1280 gold pieces
 29147 | Vaults:2 | Paralysed by a great orb of eyes for 5 turns
 29772 | Vaults:2 | Reached skill level 21 in Invocations
 30010 | Vaults:2 | Killed Boris
 30085 | Vaults:2 | Identified the +7 executioner's axe "Qoh Luy" {drain, rF+}
 30119 | Vaults:2 | Acquired a manual of Armour
 30238 | Vaults:2 | Reached skill level 15 in Shields
 30962 | Vaults:3 | Reached XP level 20. HP: 164/164 MP: 34/34
 31011 | Vaults:3 | Paralysed by a formless jellyfish for 1 turns
 31146 | Vaults:3 | Found a staircase to the Crypt.
 31428 | Vaults:3 | Reached skill level 15 in Armour
 31573 | Vaults:3 | Paralysed by a formless jellyfish for 1 turns
 31584 | Vaults:3 | Reached skill level 22 in Invocations
 31774 | Vaults:4 | Noticed Sojobo
 32032 | Vaults:4 | Paralysed by an air elemental for 1 turns
 32034 | Vaults:4 | Your ally Sojobo died
 32035 | Vaults:4 | Paralysed by an air elemental for 1 turns
 32041 | Vaults:4 | Paralysed by an air elemental for 1 turns
 32048 | Vaults:4 | Paralysed by an air elemental for 1 turns
 32052 | Vaults:4 | Killed Sojobo
 32052 | Vaults:4 | Charmed Sojobo
 32334 | Vaults:4 | Paralysed by a sphinx for 4 turns
 32380 | Vaults:4 | Identified the +0 chain mail of Luatrill {rN+ Str+2 Int+5}
 32422 | Vaults:4 | Identified the +3 leather armour "Kuacweot" {rCorr}
 32535 | Vaults:4 | Found a portal to a secret trove of treasure.
 33250 | Depths:1 | Entered Level 1 of the Depths
 33283 | Depths:1 | Reached skill level 23 in Invocations
 33291 | Depths:1 | Gained mutation: You are powered by pain. [demonic
                  | ancestry]
 33291 | Depths:1 | Reached XP level 21. HP: 118/175 MP: 36/36
 33453 | Depths:1 | Found a gateway to Hell.
 33622 | Depths:1 | Found a one-way gate to the infinite horrors of the Abyss.
 33640 | Depths:1 | Found Cexeq's Book Shoppe.
 33641 | Depths:1 | Found Alaral's Jewellery Shop.
 33641 | Depths:1 | Found Ximul's Jewellery Shop.
 34283 | Depths:2 | Found a one-way gate leading to the halls of Pandemonium.
 34574 | Depths:2 | Noticed Boris
 34594 | Depths:2 | Killed Boris
 34595 | Depths:2 | Reached skill level 24 in Invocations
 34626 | Depths:2 | Found an iron altar of Okawaru.
 35340 | Depths:3 | Paralysed by a floating eye for 2 turns
 35392 | Depths:3 | Noticed a juggernaut
 35392 | Depths:3 | Noticed a juggernaut
 35399 | Depths:3 | Killed a juggernaut
 35405 | Depths:3 | Killed a juggernaut
 35412 | Depths:3 | Noticed a juggernaut
 35419 | Depths:3 | Reached XP level 22. HP: 94/186 MP: 38/38
 35420 | Depths:3 | Your ally Sojobo died
 35786 | Depths:3 | Noticed a golden dragon
 35794 | Depths:3 | Killed a golden dragon
 35814 | Depths:3 | Reached skill level 25 in Invocations
 35848 | Depths:3 | Killed a juggernaut
 35851 | Depths:3 | Noticed a juggernaut
 35863 | Depths:3 | Killed a juggernaut
 36349 | Depths:3 | Noticed a juggernaut
 36357 | Depths:3 | Killed a juggernaut
 36399 | Depths:3 | Noticed a golden dragon
 36404 | Depths:3 | Killed a golden dragon
 36597 | Depths:3 | Identified the +2 demon trident "Hoemuwax" {pain, rC+
                  | Int+2}
 36724 | Depths:3 | Noticed a juggernaut
 36729 | Depths:3 | Killed a juggernaut
 36735 | Depths:3 | Reached skill level 26 in Invocations
 36848 | Depths:3 | Identified the ring "Naphie" {rC+ SInv}
 37066 | Depths:4 | Entered Level 4 of the Depths
 37097 | Depths:4 | Gained mutation: Your magical and physical power is
                  | enhanced at high health. [demonic ancestry]
 37097 | Depths:4 | Reached XP level 23. HP: 196/196 MP: 40/40
 37127 | Depths:4 | Identified the ring of Discretion {Str+6 Dex+2}
 37132 | Depths:4 | Found a gate to the Realm of Zot.
 37314 | Depths:4 | Found a one-way gateway to a ziggurat.
 37326 | Depths:4 | Found a stormy altar of Qazlal.
 37578 | Depths:4 | Identified the +0 chain mail of Piyxzoc {Will+ Int-3
                  | Stlth+}
 38177 | Vaults:5 | Entered Level 5 of the Vaults
 38292 | Vaults:5 | Identified the +8 battleaxe of Fidikh {flame, rC+ Int+3}
 38325 | Vaults:5 | Noticed a dread lich
 38326 | Vaults:5 | Identified the +11 battleaxe of Taingose {drain, Will+
                  | rCorr}
 38342 | Vaults:5 | Killed a dread lich
 38347 | Vaults:5 | Reached skill level 27 in Invocations
 38437 | Vaults:5 | Noticed an ancient lich
 38448 | Vaults:5 | Killed an ancient lich
 38456 | Vaults:5 | Acquired the +1 pair of boots of Pyiss {Int+5 Dex+3}
 38541 | Vaults:5 | Found the +5 scythe "Finisher" {speed, execute}
 39024 | Vaults:5 | Got a silver rune of Zot
 39167 | Vaults:5 | Noticed Xtahua
 39180 | Vaults:5 | Killed Xtahua
 39820 | Orc:2    | Bought the +10 tower shield of Ignorance {rN+ Int-4} for
                  | 1203 gold pieces
 39820 | Orc:2    | Found the +10 tower shield of Ignorance {rN+ Int-4}
 40190 | Zot:1    | Entered Level 1 of the Realm of Zot
 40319 | Zot:1    | Noticed Grunn
 40342 | Zot:1    | Killed Grunn
 40359 | Zot:1    | HP: 8/184 [doom hound[Grunn] (18)]
 40367 | Zot:1    | Reached XP level 24. HP: 88/197 MP: 40/40
 40427 | Zot:1    | Killed from afar by a black draconian knight

Illustrated notes

Levels and vault maps discovered:
D:1:      dpeg_arrival_round_a, layout_basic
D:2:      layout_basic, serial_undead, serial_undead_b, serial_undead_a,
          serial_undead_b, serial_undead_e, serial_undead_e, serial_undead_e,
          serial_undead_d, minmay_3d_cube, uniq_natasha
D:3:      layout_basic, uniq_ijyb
D:4:      layout_loops_ring, corexii_item_surrounded_by_moat
D:5:      layout_loops_cross, cheibrodos_sewer_entry_drain, serial_shops, shop,
          nicolae_shop_advertising_works [nicolae_subvault_shop_adworks],
          nicolae_shop_gaudy_bauble, nicolae_lakefront_shop, enter_ossuary_3,
          uniq_grinder
D:6:      layout_cave_pools, slow_altar_1, nicolae_overflow_hallway_of_the_gods,
          fedhas_altar_2, temple_hall_moat, uniq_prince_ribbit1
D:7:      layout_gridville
D:8:      layout_cave_pools, lemuel_coloured_pillars_altar, erik_lair_island,
          enter_bailey_6, uniq_erica, uniq_pikel, uniq_maurice, uniq_maggie
D:9:      layout_gridville, mainiacjoe_overflow_alcove_2,
          grunt_gozag_breadcrumbs, orc_0_dummy, minmay_misc_feat_iff
D:10:     layout_small_grid, minmay_fountain_box
D:11:     layout_basic
D:12:     layout_basic, nicolae_danse_macabre
D:13:     layout_grid_maze, uniq_kirke, uniq_snorg
D:14:     layout_rooms, erik_vaults_2, minmay_holes, minivault_25
D:15:     grunt_enter_depths_hoard, layout_gridville, wad_floor_pattern_2,
          special_room [special_room_mythical_zoo]
Temple:   chequers_temple_sunken
Lair:1:   layout_big_grid, lemuel_oklob_altar
Lair:2:   layout_loops_ring, hellmonk_spider_entry_life_and_decay, basic_altar
Lair:3:   layout_cave_pods, palyth_hydra_swamp_entry,
          nicolae_volcano_entry_lava_flow, special_room
          [special_room_mythical_zoo], grunt_megastairs_4,
          infiniplex_staircase_pool, serial_bayou_shore_b, uniq_urug
Lair:4:   layout_cave_pods, uniq_nessos
Lair:5:   minmay_lair_end_enchanted_forest, layout_gridlike,
          nicolae_slime_entry_slimehenge, uniq_josephine
Swamp:1:  nicolae_swamp_tree_isthmus, layout_basic_swamp,
          nicolae_swamp_little_tower, swamp_pool1, uniq_aizul
Swamp:2:  layout_basic_swamp, nicolae_swamp_triple_paths
Swamp:3:  layout_basic_swamp, nicolae_swamp_decorative_isthmus
Swamp:4:  swamp_old_school, layout_basic_swamp, swamp_pool5,
          nicolae_swamp_small_spring
Spider:1: layout_spider_delve, uniq_rupert
Spider:2: nicolae_spider_corner, nicolae_looking_at_the_future
Spider:3: cheibrodos_spider_silkery, uniq_mlioglotl
Spider:4: johnstein_spider_rune_arachne_lair, uniq_arachne, uniq_louise
Orc:1:    layout_caves, basic_altar, gammafunk_ghost_split, serial_shops, shop,
          shop, minmay_orc_temple_c
Orc:2:    kennysheep_orc_mage_school, layout_caves, basic_altar,
          minmay_orc_barracks, uniq_donald
Vaults:1: v_pattern_1, nicolae_vaults_more_shelving_2, v_misc_27,
          hangedman_vaults_corner_blocks, hangedman_vaults_unwind,
          vaults_mumra_minichess_inversion, nicolae_vaults_sesquioval_fish,
          vaults_room_pools, nicolae_vaults_double_plus_1,
          nicolae_vaults_storage_room_statues, ontoclasm_vaults_decontamination,
          layout_vaults_big_room, serial_shops, nicolae_shop_window_shopping
Vaults:2: nicolae_vaults_door_testing_chamber, nicolae_vaults_storage_closets_1,
          nicolae_vaults_antechamber_and_loot_room,
          nicolae_vaults_storage_closets_3, ontoclasm_vaults_chip,
          vaults_dpeg_spiral, nicolae_vaults_tangram_2, vaults_dpeg_cross,
          nicolae_vaults_border_crossing, nicolae_vaults_trapezoid_lopsided_3,
          nicolae_vaults_closet_pinwheel_4, layout_vaults_quadrants, uniq_boris
Vaults:3: minmay_crypt_entry_skeletal_spiral,
          nicolae_vaults_windows_and_doors_thing,
          nicolae_vaults_storage_room_glass, nicolae_vaults_house_2,
          nicolae_vaults_lopsided_apartments, hangedman_vaults_maws, v_misc_29,
          v_rooms_2, v_misc_2, nicolae_vaults_trapezoid_2,
          hangedman_vaults_stitches, layout_vaults_maze_snakey
Vaults:4: v_rooms_6, ontoclasm_vaults_ring_square,
          vaults_standard_mumra_enter_the_diamond,
          nicolae_vaults_tangent_ellipses, nicolae_vaults_inception_statues,
          nicolae_vaults_storage_room_doors, v_misc_29, nicolae_vaults_six-pack,
          nicolae_vaults_storage_closets_2, ontoclasm_vaults_claustrophobia,
          nicolae_vaults_six-pack, layout_vaults_omnibox, enter_trove_1,
          uniq_sojobo
Vaults:5: uniq_margery, uniq_xtahua
Depths:1: layout_cave_shapes, grunt_decor_one_mirror, hell_entry,
          hangedman_abyss_entry_splay, evilmike_minifort, serial_bayou_shore_b,
          minmay_shop_grove, serial_bayou_shore_a
Depths:2: nicolae_moon_pools, layout_gridlike, grunt_hell_entry_dis_mu,
          okawaru_gym_becter, rand_demon_pan_entry_8, firewood_loft
Depths:3: minmay_octagon_city, layout_long_grid, hellmouth_1, grunt_decor_cap,
          abyss_entry, hex_subvault_angles
Depths:4: grunt_x_marks_the_spot, layout_gridlike, enter_ziggurat_e,
          lightli_too_deep, nicolae_qazlal_scattered_showers,
          chequers_serial_rivers_room_a, hex_tiny
Zot:1:    layout_twisted_circle, grunt_ministairs_8, uniq_grunn

Skill      XL: |  1  2  3  4  5  6  7  8  9 10 11 12 13 14 15 16 17 18 19 20 21 22 23 24 |
---------------+-------------------------------------------------------------------------+-----
Dodging        | 3 4 5 8 9 11 12 13 | 13.3
Axes           | 3 4 |  4.5
Fighting       | 3 4 6 7 9 10 11 12 13 14 15 17 18 20 21 | 21.4
Evocations     | 2 5 6 |  6.0
Long Blades    | 1 7 10 11 13 14 15 16 | 16.0
Armour         | 4 7 8 10 11 12 13 14 16 18 19 20 | 20.7
Invocations    | 1 5 6 9 13 15 17 18 19 20 21 23 24 26 27 | 27.0
Shields        | 3 7 10 12 15 16 | 16.1
Throwing       | |  1.7

Action                     |  1- 3 |  4- 6 |  7- 9 | 10-12 | 13-15 | 16-18 | 19-21 | 22-24 || total
---------------------------+-------+-------+-------+-------+-------+-------+-------+-------++-------
  Melee: War axe           |    91 |   118 |   436 |    86 |       |       |       |       ||   731
         Punch             |     2 |     1 |     8 |     9 |       |       |       |       ||    20
         Double sword      |       |       |       |    37 |   267 |   655 |   841 |   533 ||  2333
         Scimitar          |       |       |       |   485 |   469 |       |       |       ||   954
         Unarmed           |       |       |       |     5 |       |       |       |       ||     5
  Throw: Boomerang         |       |       |       |     8 |       |       |       |       ||     8
         Throwing net      |       |       |       |       |       |     3 |       |       ||     3
 Invoke: Dark Bargain      |       |       |     3 |     6 |    15 |     6 |     7 |    25 ||    62
         Bind Soul         |       |       |       |       |     2 |     4 |     1 |       ||     7
         Recall Undead Har |       |       |       |       |     2 |     9 |    11 |     4 ||    26
         Drain Life        |       |       |       |       |       |     7 |     3 |     2 ||    12
  Evoke: Wand              |       |     2 |     8 |    15 |     3 |     1 |     2 |     2 ||    33
         Sack of spiders   |       |       |       |       |       |     1 |       |       ||     1
         Phantom mirror    |       |       |       |       |       |       |     2 |       ||     2
         Condenser vane    |       |       |       |       |       |       |     1 |       ||     1
    Use: Potion            |       |     2 |     2 |     5 |       |     5 |    14 |    11 ||    39
         Scroll            |       |     1 |    11 |    11 |    14 |     5 |     6 |     5 ||    53
   Stab: Sleeping          |     9 |     9 |     3 |       |       |       |     2 |       ||    23
         Distracted        |       |     1 |     3 |     4 |    22 |    16 |    19 |    13 ||    78
         Paralysed         |       |       |       |     6 |     5 |     3 |    27 |       ||    41
         Fleeing           |       |       |       |       |       |     1 |       |       ||     1
 Armour: Leather armour    |    46 |    87 |    84 |       |       |       |       |       ||   217
         Plate armour      |       |       |   426 |   565 |   520 |   658 |   596 |   424 ||  3189
         Skin              |       |       |       |     7 |       |       |       |       ||     7
  Dodge: Dodged            |    58 |   121 |   342 |   623 |   692 |   924 |   556 |   330 ||  3646
  Block: Other             |       |       |       |    65 |       |       |       |       ||    65
         Reflection        |       |       |       |     1 |     6 |    17 |     8 |       ||    32
         Orb               |       |       |       |    56 |   161 |   214 |       |       ||   431
         Kite shield       |       |       |       |       |       |   115 |   753 |   447 ||  1315

Table legend: (Time is in decaauts)
 A = Elapsed time spent in this place.
 B = Non-inter-level travel time spent in this place.
 C = Inter-level travel time spent in this place.
 D = Time resting spent in this place.
 E = Time spent auto-exploring this place.
 F = Levels seen in this place.
 G = Mean time per level.
                   A        B        C        D        E       F      G
               +--------+--------+--------+--------+--------+-----+--------+
         Total |  41180 |  37510 |   3670 |   4623 |  21603 |  44 |  935.9 |
       Dungeon |  14707 |  12891 |   1816 |   1962 |   7630 |  15 |  980.5 |
        Temple |     12 |      7 |      5 |      0 |      0 |   1 |   12.0 |
          Lair |   4522 |   4124 |    398 |    152 |   2666 |   5 |  904.4 |
         Swamp |   3050 |   2855 |    195 |    229 |   2014 |   4 |  762.5 |
   Spider Nest |   3502 |   3340 |    162 |    805 |   1432 |   4 |  875.5 |
  Orcish Mines |   1943 |   1597 |    346 |      0 |   1130 |   2 |  971.5 |
        Vaults |   6797 |   6324 |    473 |    417 |   3794 |   5 | 1359.4 |
        Depths |   4994 |   4722 |    272 |    450 |   2758 |   4 | 1248.5 |
           Zot |    141 |    141 |      0 |     22 |      0 |   1 |  141.0 |
         Sewer |    716 |    716 |      0 |    361 |     61 |   1 |  716.0 |
        Bailey |    539 |    539 |      0 |    179 |     90 |   1 |  539.0 |
       Volcano |    251 |    251 |      0 |     46 |     26 |   1 |  251.0 |
               +--------+--------+--------+--------+--------+-----+--------+

Top non-repeatable levels by time:
Depths:3: 1908 daAuts
Vaults:1: 1546 daAuts
     D:5: 1495 daAuts
    D:12: 1428 daAuts
Vaults:2: 1398 daAuts
Vaults:5: 1326 daAuts
     D:7: 1315 daAuts
Vaults:3: 1293 daAuts
  Lair:3: 1236 daAuts
Vaults:4: 1232 daAuts
    D:13: 1192 daAuts
   Orc:2: 1167 daAuts
Spider:2: 1158 daAuts
    D:11: 1112 daAuts
Depths:1: 1066 daAuts
